[Event "Titled Tuesday Blitz November 2 2021"]
[White "Abdrlauf, Elham"]
[Black "Tsydypov, Zhamsaran"]
[WhiteFideId "1533533"]
[BlackFideId "4108566"]
[WhiteElo "2362"]
[BlackElo "2649"]
[Result "1-0"]
[Round "08"]
[TimeControl "180+1"]
[Date "2021.11.02"]
[WhiteClock "0:02:28"]
[BlackClock "0:00:56"]

1. e4 c5 2. Nf3 d6 3. d4 cxd4 4. Nxd4 Nf6 5. Nc3 a6 6. Bc4 e6 7. Bb3 Nbd7 8. f4 Nc5 9. e5 dxe5 10. fxe5 Nfd7 11. Qh5 g6 12. Qh3 Nxe5 13. Be3 Nxb3 14. axb3 Bg7 15. O-O-O Qa5 16. Kb1 O-O 17. Bh6 Bxh6 18. Qxh6 Ng4 19. Qh4 e5 20. Nf3 Bf5 21. Nd5 Rac8 22. Ne7+ Kg7 23. Nxf5+ gxf5 24. h3 Ne3 25. Qg5+ Kh8 26. Qf6+ Kg8 27. Qg5+ Kh8 28. Qxe3 f6 29. Rd7 Rc7 30. b4 1-0


[Site "https://www.chess.com"]

[Event "Titled Tuesday Blitz November 2 2021"]
[White "Aditya Mittal"]
[Black "Majdan, Joanna"]
[WhiteFideId "35042025"]
[BlackFideId "1121979"]
[WhiteElo "2245"]
[BlackElo "2270"]
[Result "1-0"]
[Round "08"]
[TimeControl "180+1"]
[Date "2021.11.02"]
[WhiteClock "0:01:25"]
[BlackClock "0:01:18"]

1. d4 Nf6 2. c4 e6 3. Nc3 Bb4 4. f3 d5 5. a3 Bxc3+ 6. bxc3 c5 7. cxd5 exd5 8. e3 Nc6 9. Bd3 c4 10. Bc2 O-O 11. Ne2 Re8 12. O-O b5 13. Ng3 a5 14. e4 dxe4 15. fxe4 Bg4 16. Qd2 b4 17. axb4 axb4 18. Rxa8 Qxa8 19. cxb4 Qb7 20. e5 Nd5 21. Qg5 Ncxb4 22. Qxg4 Nxc2 23. Nf5 f6 24. Nd6 Qb8 25. Nxe8 Qxe8 26. exf6 Nxf6 27. Rxf6 1-0


[Site "https://www.chess.com"]

[Event "Titled Tuesday Blitz November 2 2021"]
[White "Alavkin, Arseny"]
[Black "Rychagov, Andrey"]
[WhiteFideId "4120612"]
[BlackFideId "4119932"]
[WhiteElo "2391"]
[BlackElo "2500"]
[Result "0-1"]
[Round "08"]
[TimeControl "180+1"]
[Date "2021.11.02"]
[WhiteClock "0:01:02"]
[BlackClock "0:00:23"]

1. c4 e5 2. Nc3 Nc6 3. g3 Bc5 4. Bg2 d6 5. a3 a6 6. b4 Ba7 7. d3 Nf6 8. Nf3 O-O 9. O-O h6 10. Bb2 Bf5 11. e4 Bg4 12. h3 Bxf3 13. Bxf3 Nd4 14. Bg2 c6 15. Rc1 a5 16. Kh2 axb4 17. axb4 Nd7 18. Ne2 Qe7 19. f4 Nxe2 20. Qxe2 Bd4 21. Bxd4 exd4 22. Ra1 f5 23. Qb2 fxe4 24. Qxd4 exd3 25. Qxd3 Qf6 26. Rxa8 Rxa8 27. Rd1 Ra2 28. Qxd6 Qxd6 29. Rxd6 Nb6 30. c5 Nd5 31. Rd8+ Kf7 32. Kg1 Ra1+ 33. Kf2 Ra2+ 34. Kf3 Nxb4 35. Rd7+ Kf6 36. Bf1 Ra3+ 37. Kf2 Na6 38. Bc4 Nxc5 39. Rf7+ Kg6 40. Re7 Kf6 41. Rf7+ Kg6 42. Re7 b5 43. Be2 b4 44. Rc7 Ne4+ 45. Ke1 Ra1+ 46. Bd1 Nc3 47. Rxc6+ Kf5 48. Rc5+ Ke4 49. Re5+ 0-1


[Site "https://www.chess.com"]

[Event "Titled Tuesday Blitz November 2 2021"]
[White "Babazada, Khazar"]
[Black "Siva Mahadevan"]
[WhiteFideId "13413554"]
[BlackFideId "25043153"]
[WhiteElo "2302"]
[BlackElo "2203"]
[Result "0-1"]
[Round "08"]
[TimeControl "180+1"]
[Date "2021.11.02"]
[WhiteClock "0:02:10"]
[BlackClock "0:02:35"]

1. e4 c5 2. Nf3 Nc6 3. d4 cxd4 4. Nxd4 Nf6 5. Nc3 d6 6. Bg5 e6 7. Qd2 a6 8. O-O-O Bd7 9. f4 b5 10. a3 Qb6 11. Be2 Rc8 12. Kb1 b4 13. axb4 Nxb4 14. Bxf6 gxf6 15. Bh5 Qa5 16. f5 Rxc3 0-1


[Site "https://www.chess.com"]

[Event "Titled Tuesday Blitz November 2 2021"]
[White "Belenkaya, Dina"]
[Black "Przybylski, Wojciech"]
[WhiteFideId "24142654"]
[BlackFideId "1117599"]
[WhiteElo "2247"]
[BlackElo "2247"]
[Result "0-1"]
[Round "08"]
[TimeControl "180+1"]
[Date "2021.11.02"]
[WhiteClock "0:00:02"]
[BlackClock "0:00:06"]

1. Nf3 Nf6 2. g3 d5 3. Bg2 c6 4. O-O Bg4 5. d3 Nbd7 6. h3 Bxf3 7. Bxf3 e6 8. Nd2 Bc5 9. Bg2 O-O 10. e4 dxe4 11. dxe4 a5 12. Qe2 Qc7 13. a4 Qxg3 14. Nb3 Bb6 15. Rd1 Qc7 16. Kh1 Rad8 17. c3 Ne5 18. Nd4 Ng6 19. Bg5 c5 20. Nb5 Qe5 21. Qe3 c4 22. Bxf6 Rxd1+ 23. Rxd1 Qh5 24. Qf3 Qxf3 25. Bxf3 gxf6 26. Rd7 Ne5 27. Rxb7 Bxf2 28. Be2 Rd8 29. Kg2 Be3 30. Na3 Bc1 31. Kf1 Rd2 32. Nxc4 Rxe2 33. Nxe5 Rxb2 34. Rxb2 Bxb2 35. Nc4 Bxc3 36. Ke2 Kg7 37. Kd3 Bb4 38. Ne3 Kg6 39. Ng4 Kg5 40. Ke3 h5 41. Nh2 f5 42. Nf3+ Kg6 43. e5 f6 44. Kf4 Kf7 45. Ke3 Bc3 46. exf6 Kxf6 47. Ne1 e5 48. Nd3 h4 49. Nc5 Bd4+ 50. Kd3 Bxc5 0-1


[Site "https://www.chess.com"]

[Event "Titled Tuesday Blitz November 2 2021"]
[White "Cunjalo, Faris"]
[Black "Zubov, Alexander"]
[WhiteFideId "14410710"]
[BlackFideId "14109409"]
[WhiteElo "2234"]
[BlackElo "2685"]
[Result "0-1"]
[Round "08"]
[TimeControl "180+1"]
[Date "2021.11.02"]
[WhiteClock "0:00:03"]
[BlackClock "0:00:04"]

1. c4 c5 2. Nf3 g6 3. d4 cxd4 4. Nxd4 Nf6 5. Nc3 d5 6. cxd5 Nxd5 7. Ndb5 Nxc3 8. Qxd8+ Kxd8 9. Nxc3 Bg7 10. Bd2 Bd7 11. g3 Bc6 12. f3 Nd7 13. O-O-O Rc8 14. Bh3 e6 15. Bg5+ Ke8 16. Kb1 Bxc3 17. bxc3 f6 18. Bc1 Kf7 19. Rd6 Rhe8 20. Rhd1 Nb6 21. R6d4 Ba4 22. R1d3 Bb5 23. Rd2 Na4 24. Ba3 f5 25. c4 e5 26. Rh4 Rxc4 27. Rxh7+ Kf6 28. Rxb7 Bc6 29. Rc7 Nc3+ 30. Ka1 Nb5 31. Rxc6+ Rxc6 32. Bb2 Ke6 33. e4 Nd6 34. exf5+ gxf5 35. Re2 Nc4 36. f4 Kf6 37. fxe5+ Kg6 38. Bc3 Rd8 39. a4 Rd3 40. e6 Rxc3 41. e7 Nd6 42. Re6+ Kf7 43. Rxd6 Rxd6 0-1


[Site "https://www.chess.com"]

[Event "Titled Tuesday Blitz November 2 2021"]
[White "De Silva, L M S T"]
[Black "Nesterov, Arseniy"]
[WhiteFideId "9953698"]
[BlackFideId "24198455"]
[WhiteElo "1621"]
[BlackElo "2494"]
[Result "0-1"]
[Round "08"]
[TimeControl "180+1"]
[Date "2021.11.02"]
[WhiteClock "0:01:06"]
[BlackClock "0:00:08"]

1. e4 e5 2. Nf3 Nc6 3. Bc4 Bc5 4. O-O Nf6 5. d3 d6 6. c3 O-O 7. Bb3 h6 8. h3 a5 9. Nbd2 Re8 10. Re1 Be6 11. Bc2 Qb8 12. Nf1 Qa7 13. Be3 Bxe3 14. Nxe3 Rad8 15. Nh4 d5 16. Qf3 dxe4 17. dxe4 Ne7 18. Bb3 Qb6 19. Bxe6 Qxe6 20. Nhf5 Nxf5 21. Nxf5 Kh7 22. Rad1 Rxd1 23. Rxd1 Qxa2 24. Qg3 g6 25. Qh4 Ng8 26. Ne3 Qe6 27. Nd5 c6 28. Ne3 Nf6 29. f3 Kg7 30. c4 Qe7 31. Kh1 Rd8 32. Rf1 Rd3 33. Ng4 h5 34. Nxf6 Qxf6 35. Qf2 Qd6 36. Qb6 Qb4 37. Qc7 Qxb2 38. Qxa5 Qd4 39. Qc7 b5 40. cxb5 cxb5 41. Kh2 b4 42. Qb7 b3 43. Rc1 b2 44. Rc7 Rxf3 45. gxf3 Qf2+ 46. Kh1 Qxf3+ 47. Kh2 Qf2+ 48. Kh1 Qf1+ 49. Kh2 b1=Q 50. Rxf7+ Qxf7 51. Qxb1 Qf2+ 52. Kh1 h4 53. Qb7+ Kh6 54. Qd5 Qf3+ 55. Kg1 Qg3+ 56. Kf1 Qxh3+ 57. Kg1 Qg3+ 58. Kf1 h3 59. Qd8 Qf4+ 60. Ke1 Qxe4+ 61. Kf2 Qd4+ 62. Ke2 Qxd8 0-1


[Site "https://www.chess.com"]

[Event "Titled Tuesday Blitz November 2 2021"]
[White "Demidov, Mikhail"]
[Black "Sviridov, Valery"]
[WhiteFideId "4197143"]
[BlackFideId "4120680"]
[WhiteElo "2527"]
[BlackElo "2454"]
[Result "1-0"]
[Round "08"]
[TimeControl "180+1"]
[Date "2021.11.02"]
[WhiteClock "0:00:04"]
[BlackClock "0:00:04"]

1. Nf3 Nf6 2. g3 d5 3. Bg2 c6 4. O-O Bf5 5. d3 e6 6. Nh4 Bg4 7. h3 Bh5 8. Qe1 Be7 9. f4 O-O 10. e4 Na6 11. Be3 Nb4 12. Na3 Nd7 13. Nf3 Bg6 14. Bf2 a5 15. Qe2 f6 16. Rfe1 Re8 17. c3 Na6 18. Rad1 Nac5 19. Nc2 Bf8 20. Nh4 Bf7 21. e5 fxe5 22. fxe5 Be7 23. d4 Na6 24. Rf1 Rf8 25. Nf3 Nc7 26. Ne3 b5 27. Ng4 Bh5 28. Be3 c5 29. Rf2 c4 30. Rdf1 Bg6 31. Ne1 Rxf2 32. Nxf2 b4 33. h4 Qe8 34. Nh3 Nb6 35. Nf4 Bf5 36. h5 h6 37. g4 Bh7 38. Nh3 Rb8 39. g5 hxg5 40. Bxg5 bxc3 41. bxc3 Na4 42. Qe3 Nb5 43. Bxe7 Qxe7 44. Nf4 Naxc3 45. Nf3 Be4 46. Nh2 Bxg2 47. Kxg2 Ne4 48. Rb1 c3 49. Ng6 Qf7 50. Nf3 c2 51. Rc1 Nbc3 52. Rxc2 Rc8 53. Qf4 Qxf4 54. Nxf4 Kf7 55. Nh3 Rc4 56. Nhg5+ Ke7 57. Nxe4 Nxe4 58. Rb2 Rb4 59. Rc2 Rc4 60. Rb2 Rc7 61. Rb6 Rc2+ 62. Kg1 Rxa2 63. Rb7+ Kf8 64. Nh4 Ng3 65. Ng6+ Ke8 66. Re7+ Kd8 67. Rxe6 Ne2+ 68. Kf1 Nxd4 69. Rd6+ Kc7 70. Rxd5 Nf3 71. e6 Nd2+ 72. Ke1 Nf3+ 73. Kd1 Ra1+ 74. Ke2 Re1+ 75. Kxf3 Rxe6 76. Rxa5 Kb6 77. Re5 Rc6 78. Kg4 Rc1 79. Kf5 Rh1 80. Ke6 Kc6 81. Kf7 Kd6 82. Kxg7 Rg1 83. h6 1-0


[Site "https://www.chess.com"]

[Event "Titled Tuesday Blitz November 2 2021"]
[White "Djordjevic, Vuk"]
[Black "Gelman, Alexander"]
[WhiteFideId "902098"]
[BlackFideId "4118316"]
[WhiteElo "2463"]
[BlackElo "2375"]
[Result "1-0"]
[Round "08"]
[TimeControl "180+1"]
[Date "2021.11.02"]
[WhiteClock "0:00:22"]
[BlackClock "0:00:07"]

1. d4 Nf6 2. Bg5 c5 3. Bxf6 gxf6 4. dxc5 Na6 5. Nd2 Nxc5 6. c3 b6 7. e3 Bb7 8. Ngf3 e6 9. b4 Ne4 10. Nxe4 Bxe4 11. Bd3 Bb7 12. O-O Qc7 13. Rc1 Bd6 14. Qe2 Ke7 15. e4 Rag8 16. Kh1 h5 17. h3 Rg7 18. Nd4 Bf4 19. Rc2 Rhg8 20. g3 Bxg3 21. fxg3 Qxg3 22. Qf3 Qh4 23. Rh2 Rg3 24. Qf2 f5 25. Bc2 fxe4 26. Qxf7+ Kd8 27. Nxe6+ Kc8 28. Qf8+ Qd8 29. Nxd8 e3+ 30. Nxb7+ 1-0


[Site "https://www.chess.com"]

[Event "Titled Tuesday Blitz November 2 2021"]
[White "Erdogdu, Mert"]
[Black "Solon, Nathan"]
[WhiteFideId "6301495"]
[BlackFideId "2017229"]
[WhiteElo "2485"]
[BlackElo "2631"]
[Result "1-0"]
[Round "08"]
[TimeControl "180+1"]
[Date "2021.11.02"]
[WhiteClock "0:00:23"]
[BlackClock "0:00:06"]

1. e4 c5 2. Nf3 d6 3. d4 cxd4 4. Nxd4 Nf6 5. Nc3 a6 6. Be3 e5 7. Nb3 Be7 8. f3 Be6 9. Qd2 h5 10. O-O-O Nbd7 11. Kb1 Rc8 12. Bd3 b5 13. h3 h4 14. Rhe1 Nb6 15. Bxb6 Qxb6 16. Nd5 Bxd5 17. exd5 O-O 18. f4 b4 19. fxe5 dxe5 20. Rxe5 Bd6 21. Rg5 g6 22. Bxg6 fxg6 23. Rxg6+ Kf7 24. Qh6 Qf2 25. Rg7+ Ke8 26. Qg6+ Kd8 27. Nd4 Rc4 28. Ne6+ Kc8 29. Nxf8 Bxf8 30. Rf7 Rd4 31. Rxf8+ Kb7 32. Qf7+ Kb6 33. Rb8+ Ka5 34. Qc7+ Ka4 35. b3+ Ka3 36. Qa5# 1-0


[Site "https://www.chess.com"]

[Event "Titled Tuesday Blitz November 2 2021"]
[White "Goltsev, Dmitry"]
[Black "Rozman, Levy"]
[WhiteFideId "24176710"]
[BlackFideId "2039877"]
[WhiteElo "2334"]
[BlackElo "2376"]
[Result "1-0"]
[Round "08"]
[TimeControl "180+1"]
[Date "2021.11.02"]
[WhiteClock "0:00:07"]
[BlackClock "0:00:07"]

1. e4 c6 2. d4 d5 3. Nc3 dxe4 4. Nxe4 Bf5 5. Ng3 Bg6 6. Nf3 e6 7. h4 h6 8. h5 Bh7 9. Bd3 Bxd3 10. Qxd3 Nf6 11. Bd2 c5 12. O-O-O Nc6 13. Be3 Qd5 14. c4 Qd7 15. dxc5 Rc8 16. Qb3 Qc7 17. Nd4 a6 18. Rhe1 Nxd4 19. Bxd4 Bxc5 20. Bxf6 gxf6 21. Ne4 Be7 22. Kb1 Rg8 23. c5 Rxg2 24. Qf3 Rg8 25. Nd6+ Bxd6 26. cxd6 Qd7 27. Qxf6 Rc6 28. Qxh6 Rxd6 29. Rxd6 Qxd6 30. Qf6 Qd3+ 31. Ka1 Qe2 32. Qc3 Qxf2 33. Qc8+ Ke7 34. Qxb7+ Kf6 35. Qh1 Kg7 36. h6+ Kh8 37. a3 Rg2 38. Rb1 Kh7 39. Qh5 Qf5 40. Qh4 Rg6 41. Qc4 Qf6 42. Qxa6 Rxh6 43. Qc4 Qg6 44. Qb4 f5 45. Rc1 Qg7 46. Qb6 Rg6 47. Rc7 Rg1+ 48. Ka2 Rg6 49. Rxg7+ Kxg7 50. a4 Kf7 51. a5 e5 52. Qxg6+ Kxg6 53. a6 f4 54. a7 Kf5 55. a8=Q 1-0


[Site "https://www.chess.com"]

[Event "Titled Tuesday Blitz November 2 2021"]
[White "Gritsenko, Nikolai"]
[Black "Holt, Conrad"]
[WhiteFideId "14112493"]
[BlackFideId "2034387"]
[WhiteElo "2389"]
[BlackElo "2586"]
[Result "0-1"]
[Round "08"]
[TimeControl "180+1"]
[Date "2021.11.02"]
[WhiteClock "0:00:10"]
[BlackClock "0:02:07"]

1. d4 d5 2. Nf3 Nf6 3. c3 Bf5 4. Bf4 e6 5. e3 Nbd7 6. Be2 Be7 7. Nh4 Bxb1 8. Rxb1 Ne4 9. Nf3 g5 10. Be5 f6 11. Bg3 h5 12. h3 Nxg3 13. fxg3 Bd6 14. O-O g4 15. Nd2 f5 16. e4 dxe4 17. hxg4 Bxg3 18. Nxe4 fxe4 19. Qb3 Qh4 20. Qxe6+ Kd8 0-1


[Site "https://www.chess.com"]

[Event "Titled Tuesday Blitz November 2 2021"]
[White "Hansen, Eric"]
[Black "Postny, Evgeny"]
[WhiteFideId "2606771"]
[BlackFideId "2804344"]
[WhiteElo "2568"]
[BlackElo "2521"]
[Result "1/2-1/2"]
[Round "08"]
[TimeControl "180+1"]
[Date "2021.11.02"]
[WhiteClock "0:00:16"]
[BlackClock "0:00:15"]

1. Nf3 Nf6 2. g3 c5 3. Bg2 Nc6 4. d4 cxd4 5. Nxd4 d5 6. c4 Nxd4 7. Qxd4 dxc4 8. Qxc4 e6 9. O-O Be7 10. Nc3 O-O 11. Rd1 Qa5 12. Bf4 a6 13. a4 e5 14. Nd5 Nxd5 15. Rxd5 Be6 16. Rxa5 Bxc4 17. Rxe5 Bf6 18. Re4 Bd5 19. Rb4 Bxg2 20. Kxg2 Rfe8 21. Kf3 Re7 22. Rc1 Rae8 23. Rc7 Rxe2 24. Rbxb7 Rxb2 25. Rxb2 Bxb2 26. Ra7 g5 27. Bxg5 Re6 28. Be3 Kg7 29. g4 h6 30. h4 Bc3 31. h5 Bb2 32. a5 Bc3 33. Bb6 Rf6+ 34. Ke4 Re6+ 35. Kd3 Be1 36. Rxa6 Kh7 37. Ra7 Kg8 38. Bd4 f5 39. gxf5 Rd6 40. Ke4 Rxd4+ 41. Ke5 Bc3 42. Ke6 Re4+ 43. Kd5 Re5+ 44. Kd6 Rxa5 45. Rxa5 Bxa5 46. Ke7 Bb4+ 47. Ke6 Kf8 48. f6 Be1 49. f4 Bh4 50. f5 Bg5 51. f7 Bh4 52. f6 Bg5 53. Ke5 Kxf7 54. Kf5 Bxf6 55. Kg4 Bg5 56. Kh3 Ke6 57. Kh2 Kf5 58. Kh1 Kg4 59. Kg1 Kxh5 60. Kh1 Kg4 61. Kg1 h5 62. Kh1 h4 63. Kg1 h3 64. Kh1 Kg3 65. Kg1 h2+ 66. Kh1 Kh3 1/2-1/2


[Site "https://www.chess.com"]

[Event "Titled Tuesday Blitz November 2 2021"]
[White "Jobava, Baadur"]
[Black "Yanchenko, Roman"]
[WhiteFideId "13601520"]
[BlackFideId "4137329"]
[WhiteElo "2731"]
[BlackElo "2514"]
[Result "1-0"]
[Round "08"]
[TimeControl "180+1"]
[Date "2021.11.02"]
[WhiteClock "0:00:19"]
[BlackClock "0:00:32"]

1. e4 e6 2. d4 d5 3. Nc3 Bb4 4. Ne2 Nf6 5. a3 Bxc3+ 6. Nxc3 dxe4 7. Bg5 Nbd7 8. Nxe4 h6 9. Nxf6+ Nxf6 10. Bh4 O-O 11. Bd3 b6 12. Qf3 Rb8 13. Bxf6 Qxf6 14. Qxf6 gxf6 15. O-O-O Bb7 16. Rhe1 f5 17. g3 Rfd8 18. c3 Rbc8 19. Re5 c5 20. dxc5 Rxc5 21. Rxc5 bxc5 22. Be2 Rxd1+ 23. Kxd1 Kf8 24. b4 cxb4 25. cxb4 e5 26. Kd2 Ke7 27. Kc3 Kd6 28. a4 f6 29. a5 Bd5 30. Bd3 Be6 31. Bc4 Bd7 32. Bd3 Kd5 33. Bc2 e4 34. Bd1 Bc8 35. Be2 Ke5 36. b5 f4 37. gxf4+ Kxf4 38. Kd4 f5 39. a6 Kg5 40. Ke5 h5 41. Bc4 Bd7 42. b6 axb6 43. a7 Bc6 44. Bd5 e3 45. fxe3 1-0


[Site "https://www.chess.com"]

[Event "Titled Tuesday Blitz November 2 2021"]
[White "Kaasen, Tor Fredrik"]
[Black "Terry, Renato"]
[WhiteFideId "1516647"]
[BlackFideId "3803457"]
[WhiteElo "2349"]
[BlackElo "2577"]
[Result "0-1"]
[Round "08"]
[TimeControl "180+1"]
[Date "2021.11.02"]
[WhiteClock "0:00:02"]
[BlackClock "0:00:04"]

1. e4 e6 2. d4 d5 3. Nc3 Nf6 4. e5 Nfd7 5. f4 c5 6. Nf3 Nc6 7. Be3 Be7 8. Qd2 O-O 9. dxc5 Qa5 10. a3 Nxc5 11. O-O-O Rd8 12. Kb1 Ne4 13. Nxe4 dxe4 14. Nd4 Qxd2 15. Rxd2 Bd7 16. c3 Bc5 17. Be2 Nxd4 18. Bxd4 Ba4 19. Re1 Bxd4 20. cxd4 Rac8 21. Bd1 Bxd1 22. Rdxd1 Rc4 23. Rxe4 Kf8 24. b3 Rc3 25. Kb2 Rdc8 26. Re2 Ke7 27. d5 exd5 28. Rxd5 R3c7 29. f5 h5 30. f6+ Kf8 31. a4 Kg8 32. Red2 Kh7 33. fxg7 Kxg7 34. e6 fxe6 35. Rxh5 Kg6 36. Re5 Kf6 37. Re3 Rc6 38. Rf2+ Ke7 39. h4 Rh8 40. Rh3 Rg8 41. h5 Rc5 42. h6 Rcg5 43. h7 Rh8 44. Rh6 Rg7 45. Rc2 Kd7 46. Rd2+ Ke7 47. Re2 Kd7 48. Rhxe6 Rhxh7 49. R6e4 Rh2 50. Rd4+ Kc8 51. Rc2+ Rc7 52. Rxc7+ Kxc7 53. Rg4 Rh1 54. Rg6 a5 55. g4 Rg1 56. g5 Rg3 57. Rg8 b6 58. Kc2 Kb7 59. Rg6 Kc7 60. Rg7+ Kc6 61. g6 Kc5 62. Rc7+ Kd6 63. Rg7 Kc5 64. Rc7+ Kb4 65. g7 Rg2+ 66. Kd3 Kxb3 67. Rb7 Kxa4 68. Rxb6 Rxg7 69. Kc2 Rg2+ 70. Kb1 Ka3 71. Rb8 Rg1+ 72. Kc2 Rg2+ 73. Kb1 Rf2 74. Re8 Rf1+ 75. Kc2 a4 76. Re3+ Ka2 77. Re8 Rf2+ 78. Kc1 Rf7 79. Rc8 Rf1+ 80. Kc2 Rh1 81. Rc7 Rh2+ 82. Kc1 Rh5 83. Kc2 Rb5 84. Rc8 a3 85. Rc7 Rd5 86. Rc8 Rg5 87. Rc7 Rg2+ 88. Kc1 Rb2 89. Rc8 Rb1+ 90. Kc2 Ka1 91. Rc5 Rh1 92. Ra5 Rh2+ 93. Kb3 Rh3+ 94. Kc2 Ka2 95. Rb5 Rh2+ 96. Kc1 Rb2 97. Ra5 Rf2 98. Ra8 Rg2 99. Ra7 Rg3 100. Ra8 Rc3+ 101. Kd2 Kb2 102. Ra7 Rb3 0-1


[Site "https://www.chess.com"]

[Event "Titled Tuesday Blitz November 2 2021"]
[White "Kozionov, Kirill"]
[Black "Zierk, Steven"]
[WhiteFideId "24101729"]
[BlackFideId "2034255"]
[WhiteElo "2426"]
[BlackElo "2494"]
[Result "0-1"]
[Round "08"]
[TimeControl "180+1"]
[Date "2021.11.02"]
[WhiteClock "0:00:03"]
[BlackClock "0:00:10"]

1. b3 e5 2. Bb2 Nc6 3. e3 Nf6 4. Bb5 Bd6 5. Na3 Na5 6. Be2 a6 7. c4 O-O 8. Nc2 Nc6 9. d4 exd4 10. exd4 Re8 11. Nf3 Qe7 12. a3 b5 13. c5 Bf4 14. d5 Nxd5 15. b4 a5 16. Ncd4 axb4 17. axb4 Rxa1 18. Bxa1 Nxd4 19. Nxd4 Nxb4 20. O-O Qxc5 21. Bxb5 c6 22. Qf3 Be5 23. Re1 cxb5 24. Nf5 d6 25. Nh6+ gxh6 26. Qg3+ Kf8 27. Qh4 Bxh2+ 28. Kxh2 Rxe1 29. Qd8+ Re8 30. Qh4 Nd5 31. Qxh6+ Ke7 32. Qg5+ Kd7 33. Qg4+ Kc6 34. Qh4 Nc7 35. Bd4 Qc4 36. Qf6 Ne6 37. Be3 Qe4 38. Qa1 Qe5+ 0-1


[Site "https://www.chess.com"]

[Event "Titled Tuesday Blitz November 2 2021"]
[White "Lovkov, Roman"]
[Black "Girinath, P.D.S."]
[WhiteFideId "4157389"]
[BlackFideId "5000572"]
[WhiteElo "2371"]
[BlackElo "2333"]
[Result "0-1"]
[Round "08"]
[TimeControl "180+1"]
[Date "2021.11.02"]
[WhiteClock "0:00:03"]
[BlackClock "0:00:05"]

1. e4 e6 2. d4 d5 3. e5 c5 4. c3 Nc6 5. Nf3 Nh6 6. Bxh6 gxh6 7. dxc5 Bxc5 8. Bd3 f6 9. Qe2 O-O 10. O-O fxe5 11. Nxe5 Nxe5 12. Qxe5 Qf6 13. Qe2 e5 14. Nd2 Kh8 15. c4 e4 16. Bc2 Qxb2 17. Nb3 Bb6 18. cxd5 Bf5 19. Rae1 Rae8 20. Kh1 Qe5 21. f4 Qxd5 22. Qh5 Qf7 23. Qxh6 Re6 24. Qh4 Rg8 25. Re2 Rg4 26. Qe1 Qh5 27. h3 Rg7 28. Bxe4 Bxh3 29. gxh3 Rxe4 30. Qc3 Qxe2 31. Qc8+ Re8 0-1


[Site "https://www.chess.com"]

[Event "Titled Tuesday Blitz November 2 2021"]
[White "Matinian, Nikita"]
[Black "Kovalenko, Igor"]
[WhiteFideId "24129100"]
[BlackFideId "14117908"]
[WhiteElo "2464"]
[BlackElo "2629"]
[Result "0-1"]
[Round "08"]
[TimeControl "180+1"]
[Date "2021.11.02"]
[WhiteClock "0:00:01"]
[BlackClock "0:00:16"]

1. e4 e6 2. d4 d5 3. Nc3 Bb4 4. Ne2 Nc6 5. a3 Ba5 6. b4 Bb6 7. Bb2 Nf6 8. e5 Nd7 9. Na4 f6 10. Nf4 Qe7 11. Qh5+ g6 12. Nxg6 Qf7 13. Nxb6 axb6 14. Bd3 fxe5 15. dxe5 Rg8 16. Nf4 Qxh5 17. Nxh5 Ndxe5 18. Nf6+ Kf7 19. Nxg8 Nxd3+ 20. cxd3 Kxg8 21. Kd2 Ne7 22. Rac1 c6 23. f4 Bd7 24. Rhf1 h5 25. g3 Kf7 26. Bd4 b5 27. Rce1 Nf5 28. Bb2 b6 29. Rc1 Ke7 30. Rg1 Rg8 31. Rce1 c5 32. Kc2 d4 33. Re5 Kd6 34. Rge1 Rg6 35. Rg1 Bc6 36. Kd2 Bd5 37. Ke1 Rg8 38. Kf2 Rc8 39. Rc1 Rg8 40. Rg1 c4 41. Rxf5 exf5 42. Bxd4 cxd3 43. Bxb6 Bc4 44. Bc5+ Kd5 45. Re1 Bb3 46. Ke3 Kc4 47. Kd2 Ra8 48. Ra1 Bc2 49. Be3 Kb3 50. Bc5 Rg8 51. Re1 h4 52. Rg1 hxg3 53. Rxg3 Rh8 54. h3 Kxa3 55. Kc3 Ka2 56. Re3 Rd8 57. Kd2 Kb3 58. h4 Rg8 59. Rh3 Rg2+ 60. Ke1 Kb2 61. Bd4+ Kb3 62. Kf1 Kc4 63. Kxg2 d2 64. Rc3+ Kxd4 0-1


[Site "https://www.chess.com"]

[Event "Titled Tuesday Blitz November 2 2021"]
[White "Mikhailovsky, Vladimir"]
[Black "Kalashian, David"]
[WhiteFideId "34105414"]
[BlackFideId "13302418"]
[WhiteElo "2402"]
[BlackElo "2490"]
[Result "1-0"]
[Round "08"]
[TimeControl "180+1"]
[Date "2021.11.02"]
[WhiteClock "0:00:04"]
[BlackClock "0:00:04"]

1. e4 c6 2. c4 g6 3. Nc3 Bg7 4. g3 d6 5. Bg2 Nf6 6. Nge2 O-O 7. d4 a6 8. O-O Nbd7 9. h3 Qc7 10. Be3 b5 11. cxb5 axb5 12. a3 Bb7 13. Rc1 Qb8 14. f4 Rd8 15. Qb3 Nb6 16. e5 Nfd5 17. Nxd5 Nxd5 18. Bf2 e6 19. Nc3 Nb6 20. Ne4 Nc4 21. Rfd1 d5 22. Nc5 Bf8 23. Nd3 Bc8 24. g4 Bd7 25. Rc2 Rc8 26. Rf1 Na5 27. Qc3 Nc4 28. Bh4 c5 29. dxc5 Qa7 30. Bf2 Qc7 31. Bd4 Bc6 32. f5 Qd7 33. Rcf2 Bh6 34. fxe6 fxe6 35. Nb4 Rf8 36. Nxc6 Qxc6 37. Rxf8+ Rxf8 38. Rxf8+ Bxf8 39. a4 Bxc5 40. b3 Bxd4+ 41. Qxd4 Na5 42. Qb4 Nb7 43. axb5 Qc1+ 44. Kh2 Qe3 45. Qe7 Qxe5+ 46. Kg1 Qe1+ 47. Bf1 Qe5 48. Qe8+ Kg7 49. Qe7+ Kg8 50. Qe8+ Kg7 51. Qd7+ Kh6 52. Qxb7 Qg3+ 53. Kh1 Qf3+ 54. Bg2 Qe3 55. Qc7 e5 56. b6 Qe1+ 57. Kh2 Qd2 58. Qxe5 Qf4+ 59. Qxf4+ 1-0


[Site "https://www.chess.com"]

[Event "Titled Tuesday Blitz November 2 2021"]
[White "Mirzoev, Azer"]
[Black "Tikhonov, Viacheslav"]
[WhiteFideId "13400304"]
[BlackFideId "44196407"]
[WhiteElo "2525"]
[BlackElo "1773"]
[Result "1/2-1/2"]
[Round "08"]
[TimeControl "180+1"]
[Date "2021.11.02"]
[WhiteClock "0:00:12"]
[BlackClock "0:00:06"]

1. c4 e5 2. Nc3 Bb4 3. e3 Nf6 4. Nge2 c6 5. a3 Ba5 6. d4 exd4 7. Qxd4 O-O 8. Bd2 d5 9. g3 Bb6 10. Qh4 dxc4 11. Bg2 Bf5 12. Qxc4 Nbd7 13. O-O Ne5 14. Qf4 Qxd2 15. Qxf5 Nc4 16. b3 Nd6 17. Qb1 Nb5 18. Nxb5 Qxe2 19. Nd6 Rab8 20. Ra2 Qh5 21. h3 Nd5 22. Qf5 Qxf5 23. Nxf5 Nf6 24. Rd1 Rfd8 25. Rad2 Rxd2 26. Rxd2 Rd8 27. Rxd8+ Bxd8 28. Nd6 b6 29. Bxc6 Be7 30. Nc4 Kf8 31. a4 Ng8 32. Kg2 Bc5 33. f4 Ne7 34. Be4 g6 35. g4 Nc8 36. Kf3 Nd6 37. Ne5 a5 38. Nd7+ Ke7 39. Nxc5 bxc5 40. Bd5 f5 41. g5 Nc8 42. h4 Nb6 43. Bg8 Kf8 44. Bc4 Nxc4 45. bxc4 Kg7 46. Kg3 Kf7 47. Kf3 Ke6 48. e4 Ke7 49. h5 Ke6 50. Ke3 Kd6 51. hxg6 hxg6 52. exf5 gxf5 53. Kf2 Ke6 54. Kg3 Kf7 55. Kh3 Kg7 56. Kg3 Kf7 57. Kh4 Kg7 58. Kh3 Kf7 59. Kg3 Kg7 60. Kh4 Kg6 61. Kg3 Kg7 62. Kh4 Kg6 63. Kg3 Kg7 1/2-1/2


[Site "https://www.chess.com"]

[Event "Titled Tuesday Blitz November 2 2021"]
[White "Nakamura, Hikaru"]
[Black "Zhigalko, Sergei"]
[WhiteFideId "2016192"]
[BlackFideId "13502956"]
[WhiteElo "2884"]
[BlackElo "2662"]
[Result "1/2-1/2"]
[Round "08"]
[TimeControl "180+1"]
[Date "2021.11.02"]
[WhiteClock "0:00:22"]
[BlackClock "0:00:05"]

1. Nf3 d5 2. e3 c6 3. c4 Nf6 4. d4 e6 5. Nbd2 c5 6. cxd5 exd5 7. Bb5+ Nc6 8. Bxc6+ bxc6 9. O-O Qb6 10. b3 cxd4 11. exd4 Be7 12. Re1 Be6 13. Ng5 Qxd4 14. Nxe6 fxe6 15. Rb1 O-O 16. Bb2 Qd3 17. Rxe6 Rae8 18. Nf3 Qa6 19. Qc2 Ne4 20. Rxc6 Qb7 21. Rc7 Qb6 22. Rc6 Qb7 23. Bd4 Qd7 24. Ne5 Qf5 25. f3 Nd6 26. Qxf5 Nxf5 27. Bf2 Bg5 28. Nd3 Re2 29. Rb2 Rfe8 30. Rcc2 Rxc2 31. Rxc2 Be3 32. Rc7 Bb6 33. Bxb6 axb6 34. Kf2 Nd4 35. Nf4 g5 36. Nxd5 Re2+ 37. Kf1 Rxa2 38. Nf6+ Kf8 39. Nxh7+ Ke8 40. Nxg5 Nxb3 41. h4 b5 42. h5 Ra1+ 43. Kf2 Rh1 44. Nh3 Nd4 45. h6 Ne6 46. h7 Rxh3 47. h8=Q+ Rxh8 48. Rb7 Nd8 49. Rxb5 Rh7 50. g4 Rf7 51. Kg3 Ke7 52. f4 Rf8 53. f5 Kf7 54. Kf4 Kg7 55. Rb7+ Rf7 56. Rb6 Rf6 57. Rb2 Ne6+ 58. Ke5 Ng5 59. Rb7+ Nf7+ 60. Kf4 Ra6 61. g5 Ra4+ 62. Ke3 Ra5 63. g6 Rxf5 64. gxf7 Rxf7 65. Rxf7+ Kxf7 1/2-1/2


[Site "https://www.chess.com"]